 Dungeon Crawl Stone Soup version 0.21-a0-630-g344d351 (webtiles) character file.

56 Lanoc the Skirmisher (level 3, 0/29 HPs)
             Began as a Demonspawn Monk on Dec 26, 2017.
             Slain by a gnoll
             ... wielding a +0 halberd
              (9 damage)
             ... on level 2 of the Dungeon on Dec 27, 2017.
             The game lasted 00:05:06 (1986 turns).

Lanoc the Skirmisher (Demonspawn Monk)              Turns: 1986, Time: 00:05:07

Health: 0/29       AC:  2    Str: 11    XL:     3   Next: 69%
Magic:  3/3        EV: 13    Int: 11    God:
Gold:   58         SH:  0    Dex: 16    Spells: 2/2 levels left

rFire    . . .     SeeInvis .   a - +0 falchion
rCold    . . .     Gourm    .   (no shield)
rNeg     . . .     Faith    .   b - +0 robe
rPois    .         Spirit   .   (no helmet)
rElec    .         Reflect  .   (no cloak)
rCorr    .         Harm     .   (no gloves)
MR       .....                  (no boots)
Stlth    +++.......             (no amulet)
HPRegen  0.09/turn              (no ring)
MPRegen  0.08/turn              (no ring)

@: no status effects
A: nightstalker 1
a: no special abilities


You were on level 2 of the Dungeon.
You were hungry.

You visited 1 branch of the dungeon, and saw 2 of its levels.

You collected 58 gold pieces.

Inventory:

Hand Weapons
 a - a +0 falchion (weapon)
Missiles
 h - 25 arrows
 m - 15 bolts
 n - 3 poisoned javelins (quivered)
Armour
 b - a +0 robe (worn)
Jewellery
 f - an uncursed amulet of faith {unknown}
Scrolls
 d - 4 scrolls of random uselessness {unknown}
 e - a scroll of identify {unknown}
 g - a scroll of amnesia {unknown}
 i - a scroll of fog {unknown}
 j - a scroll of magic mapping {unknown}
 k - a scroll of blinking {unknown}
Comestibles
 c - 3 rations


   Skills:
 + Level 3.4 Fighting
 + Level 3.1 Long Blades
 + Level 1.4 Armour
 + Level 3.1 Dodging
 - Level 1.7 Stealth


You had 2 spell levels left.
You didn't know any spells.

Dungeon Overview and Level Annotations

Branches:
Dungeon (2/15)

Altars:


Innate Abilities, Weirdness & Mutations

You are slightly more attuned to the shadows.


Message History

The gnoll hits you with a halberd.
You barely miss the gnoll. The gnoll closely misses you.
The gnoll hits you with a halberd.
* * * LOW HITPOINT WARNING * * *
Throwing (i - inventory):
n - 5 poisoned javelins (quivered)
Press: ? - help, Shift-Dir - straight line, f - gnoll
Aim: a gnoll, wielding a halberd You throw a poisoned javelin.
The poisoned javelin hits the gnoll.
The gnoll is poisoned.
The gnoll is lightly wounded.
The gnoll misses you.
You kill the gnoll!
You see here a chain mail.
Throwing (i - inventory):
n - 4 poisoned javelins (quivered)
Press: ? - help, Shift-Dir - straight line, f - gnoll
Aim: a gnoll, wielding a halberd You throw a poisoned javelin.
The poisoned javelin closely misses the gnoll.
The gnoll hits you from afar with a halberd!
You die...

### #.# #<# #.#
#.# #.#
#############.#
####..(.).g[@....#
#.)..#############
#####....#
....#...g#
....'...(#
....#....#
....#....#
g...##'#.#
....##.#.#


You could see a gnoll.

Vanquished Creatures
  A gnoll (D:2)
  A worm (D:2)
  A dart slug (D:1)
  A leopard gecko (D:1)
  5 goblins
  6 hobgoblins
  2 jackals (D:1)
  A quokka (D:2)
  3 bats (D:1)
  3 frilled lizards (D:1)
  4 kobolds (D:1)
  13 rats (D:1)
41 creatures vanquished.

Notes
Turn   | Place    | Note
-------+----------+-------------------------------------------
     0 | D:1      | Lanoc the Demonspawn Monk began the quest for the Orb.
     0 | D:1      | Reached XP level 1. HP: 18/18 MP: 1/1
   240 | D:1      | Gained mutation: You are slightly more attuned to the shadows. [demonic ancestry]
   240 | D:1      | Reached XP level 2. HP: 19/24 MP: 2/2
   757 | D:1      | Reached skill level 1 in Armour
   837 | D:1      | Reached XP level 3. HP: 18/29 MP: 3/3
  1986 | D:2      | Slain by a gnoll

Vault maps used:
D:1:      ncdulo_halloftheorcs, minmay_rat_gold_closets
D:2:      grunt_temple_overflow_holy_war, uniq_crazy_yiuf_cottage

Skill      XL: |  1  2 |
---------------+-------+-----
Long Blades    | 3 |  3.1
Armour         | 1 |  1.4
Dodging        | 3 |  3.1
Fighting       | |  3.4
Stealth        | |  1.7

Action                   || total
-------------------------++-------
Melee: Falchion          ||   148
Throw: Javelin           ||     7
  Use: Potion            ||     1
 Stab: Sleeping          ||    10
  Eat: Chunk             ||     3
Armor: Robe              ||    17
       Skin              ||    16
Dodge: Dodged            ||    78
       Rpst.: Falchion   ||    21

Table legend:
 A = Spawn XP
 B = Non-spawn XP
 C = Spawn XP percentage of total XP
 D = Spawn monster count
 E = Non-spawn monster count
 F = Spawn count percentage of total count
 G = Total turns spent on level
                    A         B        C        D         E        F      G
               +---------+---------+-------+---------+---------+-------+---------
         Total |       0 |      80 |   0.0 |       0 |      41 |   0.0 |  1986
               +---------+---------+-------+---------+---------+-------+---------
           D:1 |       0 |      50 |   0.0 |       0 |      34 |   0.0 |  1339
           D:2 |       0 |      30 |   0.0 |       0 |       7 |   0.0 |   647
               +---------+---------+-------+---------+---------+-------+---------
